 Dungeon Crawl Stone Soup version 0.25.1-2-g60ff931df9 (webtiles) character file.

Game seed: 11954624504749818503

91 Gazorpazorpfield the Conjurer (level 4, -5/24 HPs)
             Began as a Deep Elf Conjurer on Oct 9, 2020.
             Killed from afar by an orc wizard (10 damage)
             ... with a magic dart
             ... on level 2 of the Dungeon.
             The game lasted 00:03:05 (1535 turns).

Gazorpazorpfield the Conjurer (Deep Elf Conjurer)   Turns: 1535, Time: 00:03:05

Health: -5/24      AC:  2    Str:  5    XL:     4   Next: 33%
Magic:  0/12       EV: 13    Int: 21    God:
Gold:   58         SH:  0    Dex: 15    Spells: 10/11 levels left

rFire    . . .     SeeInvis .   (no weapon)
rCold    . . .     Gourm    .   (no shield)
rNeg     . . .     Faith    .   a - +0 robe
rPois    .         Spirit   .   (no helmet)
rElec    .         Reflect  .   (no cloak)
rCorr    .         Harm     .   (no gloves)
MR       .....                  (no boots)
Stlth    ++........             (no amulet)
HPRegen  0.08/turn              (no ring)
MPRegen  0.13/turn              (no ring)

@: no status effects
A: no striking features
a: no special abilities


You were on level 2 of the Dungeon.
You were not hungry.

You visited 1 branch of the dungeon, and saw 2 of its levels.

You collected 58 gold pieces.

Inventory:

Hand Weapons
 j - a +0 dagger
Armour
 a - a +0 robe (worn)
Scrolls
 b - 2 scrolls of identify {unknown}
 d - a scroll of enchant armour {unknown}
 e - a scroll of remove curse {unknown}
 f - a scroll of teleportation {unknown}
 h - a scroll of fear {unknown}
Potions
 g - 2 potions of curing {unknown}
 k - a potion of might {unknown}
 l - a potion of heal wounds {unknown}
Comestibles
 c - 4 rations
 i - 4 chunks of flesh


   Skills:
 + Level 2.7 Dodging
 + Level 2.7 Stealth
 + Level 0.1 Unarmed Combat
 + Level 4.0 Spellcasting
 + Level 5.7 Conjurations


You had 10 spell levels left.
You knew the following spells:

 Your Spells              Type           Power        Failure   Level  Hunger
a - Magic Dart            Conj           ####         1%          1    None

Your spell library contained the following spells:

 Spells                   Type           Power        Failure   Level  Hunger
 Searing Ray              Conj           ####..       1%          2    #......
 Dazzling Flash           Conj/Hex       ###...       11%         3    ###....
 Fulminant Prism          Conj/Hex       ###.......   36%         4    ####...
 Iskenderun's Mystic Bla  Conj/Tloc      ###.....     36%         4    ####...


Dungeon Overview and Level Annotations

Branches:
Dungeon (2/15)

Altars:


Message History

Aim: an orc, wielding a -3 whip The magic dart hits the orc.
The orc is heavily wounded.
Something hits you. The orc barely misses you. Something hits you.
Casting: Magic Dart (safe; 1% risk of failure)
Confirm with . or Enter, or press ? or * to list all spells.
Aiming: Magic Dart (safe; 1% risk of failure)
Press: ? - help, Shift-Dir - straight line, f/p - orc
Aim: an orc, wielding a -3 whip (heavily wounded)
The magic dart hits the orc!
You kill the orc!
Something hits you.
You hear some strange, mumbled words.
A puff of flame appears from out of thin air!
The puff of flame hits you! Something hits you.
* * * LOW HITPOINT WARNING * * *
A magic dart appears from out of thin air!
The magic dart hits you!
You die...

# #.# #.#....#
# #.# #.#....#
###+# #.#....#
.... #.#....#
....{##......#
b..{.''{.....#
## #).....###
.# #.{......#
.# #@.......#
รท# #........#
.# #....#####
.# ###### .#
##


There were no monsters in sight!

Vanquished Creatures
  An orc wizard (D:2)
  2 adders (D:2)
  An ooze (D:2)
  2 leopard geckos
  An orc (D:2)
  3 bats
  7 giant cockroaches
  4 goblins
  4 hobgoblins
  5 kobolds
  4 rats
34 creatures vanquished.

Notes
Turn   | Place    | Note
-------+----------+-------------------------------------------
     0 | D:1      | Gazorpazorpfield the Deep Elf Conjurer began the quest for
                  | the Orb.
     0 | D:1      | Reached XP level 1. HP: 10/10 MP: 6/6
   560 | D:1      | Reached XP level 2. HP: 15/15 MP: 4/8
   820 | D:1      | Reached skill level 5 in Conjurations
  1066 | D:2      | Reached XP level 3. HP: 19/19 MP: 7/9
  1532 | D:2      | Reached XP level 4. HP: 24/24 MP: 2/12
  1535 | D:2      | Killed from afar by an orc wizard

Illustrated notes

Levels and vault maps discovered:
D:1:      dpeg_arrival_lava_temple_mockup, layout_basic
D:2:      layout_basic

Skill      XL: |  1  2  3 |
---------------+----------+-----
Conjurations   | 5 |  5.7
Spellcasting   | 4 |  4.0
Dodging        | |  2.7
Stealth        | |  2.7
Unarmed Combat | |  0.1

Action                   |  1- 3 |  4- 6 || total
-------------------------+-------+-------++-------
Melee: Unarmed           |     4 |       ||     4
 Cast: Magic Dart        |    69 |     3 ||    72
  Eat: Chunk             |     2 |       ||     2
Dodge: Dodged            |     8 |     1 ||     9
